 Dungeon Sprint DCSS version 0.30-a0-272-gf98c3da03f (webtiles) character file.

Game seed: 17845446441335282837

1009 Darkkill the Fighter (level 8, -7/57 HPs)
             Began as a Gargoyle Berserker on Oct 15, 2022.
             Was the Champion of Trog.
             Mangled by an orc knight
             ... wielding a +0 great mace
              (14 damage)
             ... in the Dungeon (Sprint VII: "The Pits").
             The game lasted 00:02:33 (1120 turns).

Darkkill the Fighter (Gargoyle Berserker)           Turns: 1120, Time: 00:02:34

Health: -7/57      AC: 22    Str: 20    XL:     8   Next: 21%
Magic:  8/8        EV:  8    Int:  9    God:    Trog [******]
Gold:   0          SH:  0    Dex: 11    Spells: 7/7 levels left

rFire   . . .      SeeInvis .    b - +1 great mace (venom)
rCold   . . .      Faith    .    (shield currently unavailable)
rNeg    + . .      Spirit   .    n - +2 plate armour
rPois   ∞          Reflect  .    (no helmet)
rElec   +          Harm     .    (no cloak)
rCorr   .          Rampage  .    (no gloves)
Will    .....      NoTele   +    (no boots)
Stlth   ..........               (no amulet)
HPRegen 0.29/turn                (no ring)
MPRegen 0.11/turn                (no ring)

@: no status effects
A: sickness immunity, AC +5, negative energy resistance 1, electricity
resistance, torment resistance 1, petrification resistance
a: Renounce Religion, Berserk, Trog's Hand, Brothers in Arms


You were in the Dungeon.
You worshipped Trog.
Trog was exalted by your worship.
You visited 1 branch

Inventory:

Hand Weapons
 b - a +1 great mace of venom (weapon)
Missiles
 k - 10 stones (quivered)
Armour
 n - a +2 plate armour (worn)
Scrolls
 h - a scroll of blinking
 l - a scroll of summoning
 m - 2 scrolls of vulnerability
Potions
 f - 4 potions of magic
 g - 2 potions of berserk rage
 j - 2 potions of invisibility


   Skills:
 + Level 10.2 Fighting
 + Level 9.3 Maces & Flails
 + Level 9.9 Armour
 + Level 7.5 Dodging


You had 7 spell levels left.
You didn't know any spells.
Your spell library was empty.

Dungeon Overview and Level Annotations

Branches:
Dungeon (1/1)

Altars:
Ashenzari
Cheibriados
Dithmenos
Elyvilon
Fedhas
Gozag
Hepliaklqana
Kikubaaqudgha
Makhleb
Nemelex Xobeh
Okawaru
Qazlal
Ru
Sif Muna
Trog
Uskayaw
Vehumet
Wu Jian
Xom
Yredelemnul
Zin
The Shining One
Jiyva
Lugonu


Innate Abilities, Weirdness & Mutations

You are immune to sickness and miasma.
Your stone body is resilient. (AC +5)
You are immune to poison.
You resist negative energy. (rN+)
You are resistant to electric shocks. (rElec)
You are resistant to unholy torment.
You are immune to petrification.


Message History

Trog grants you a weapon! Something appears at your feet!
You see here a +5 mace of flaming.
You closely miss the scorpion. The scorpion stings you.
The scorpion stings you but does no damage.
You hit the scorpion but do no damage. The scorpion stings you.
You closely miss the scorpion. The scorpion stings you.
You sock the scorpion!
The scorpion is almost dead.
The scorpion barely misses you.
You closely miss the scorpion.
The scorpion is almost dead.
The scorpion stings you but does no damage. x2
You hit the scorpion.
You kill the scorpion!
Trog accepts your kill.
There is an open door here.
Things that are here:
a +0 club; a scorpion corpse; a gnoll corpse
There is an open door here.
Things that are here:
a +0 club; a scorpion corpse; a gnoll corpse You see here a +5 mace of flaming.
There is an open door, spattered with blood here.
Things that are here:
a +1 great mace of venom; a +0 plate armour
b - a +1 great mace of venom Your +1 great mace of venom begins to drip with poison!
b - a +1 great mace of venom (weapon)
You drop a +0 mace.
You drop a +2 quarterstaff.
You start resting.
HP restored.
You see here a +5 mace of flaming.
You open the door.
A quokka, 4 orcs and a hell rat come into view.
The orc knight shouts!
The orc shouts!
The orc warrior shouts!
The orc shouts!
The hell rat roars deafeningly!
You hear a shout!
An orc comes into view. It is wielding a +0 dagger.
There is an open door, spattered with blood here.
Things that are here:
a +2 quarterstaff; a +0 mace; a +0 plate armour You closely miss the orc.
The orc barely misses you.
You bludgeon the orc!!
You kill the orc!
Trog accepts your kill.
You miss the quokka. The quokka barely misses you. x2
You sock the quokka!
You kill the quokka!
Trog accepts your kill.
You bludgeon the orc!!
You kill the orc!
Trog accepts your kill.
There is an open door, spattered with blood here.
Items here: )))) [[ †.
You thump the orc knight!
The orc knight looks as sick as possible!
The orc knight is lightly wounded.
The orc knight hits you with a +0 great mace!
The hell rat bites you but does no damage.
You barely miss the orc knight.
The orc knight is moderately wounded.
The orc knight hits you but does no damage.
The hell rat bites you.
The orc knight roars a battlecry!
The orc goes into a battle-frenzy!
You sock the orc knight!
The orc knight is moderately wounded.
The hell rat bites you but does no damage. x2
The orc knight hits you but does no damage.
You hit the orc knight.
The orc knight looks as sick as possible!
The orc knight is moderately wounded.
The hell rat bites you but does no damage.
The orc knight hits you but does no damage.
You barely miss the orc knight.
The orc knight is moderately wounded.
The hell rat bites you.
The orc knight hits you with a +0 great mace.
The hell rat barely misses you.
You closely miss the orc knight.
The orc knight is heavily wounded.
The orc knight closely misses you.
The hell rat bites you but does no damage.
You hit the orc knight but do no damage.
The orc knight looks as sick as possible!
The orc knight is heavily wounded.
The hell rat bites you but does no damage.
The orc knight hits you with a +0 great mace.
The hell rat closely misses you.
The orc knight hits you with a +0 great mace!
You sock the orc knight!
The orc knight is severely wounded.
The hell rat misses you.
The orc knight hits you with a +0 great mace!
* * * LOW HITPOINT WARNING * * *
You thump the orc knight!
The orc knight is almost dead.
The hell rat closely misses you.
The orc knight hits you with a +0 great mace!
You die...

#.#...)))[.##.......#
#.#...)))[.##.......#
#)###########.......#
#)).....#..##########
#.###...#.######
#.#.....#.#....#
#.#...#.#)#....#
#.....#.#oro...+
#...###.#@#oo..#
#.......'.# o..#
########### ###


You could see an orc knight (extremely poisoned), a hell rat and an orc
(strong).

Vanquished Creatures
  An orc knight (D)
  A fire bat (D)
  A warg (D)
  A floating eye (D)
  2 scorpions (D)
  An iguana (D)
  2 orc wizards (D)
  2 gnolls (D)
  3 river rats (D)
  2 ufetubi (D)
  5 orcs (D)
  A ball python (D)
  An endoplasm (D)
  A kobold (D)
  2 quokkas (D)
  A bat (D)
  A rat (D)
28 creatures vanquished.

Notes
Turn   | Place    | Note
-------+----------+-------------------------------------------
     0 | D        | Darkkill the Gargoyle Berserker began the quest for the
                  | Orb.
     0 | D        | Reached XP level 1. HP: 14/14 MP: 1/1
    43 | D        | Found a bloodstained altar of Trog.
    43 | D        | Found a shimmering blue altar of Sif Muna.
    43 | D        | Found a viscous altar of Jiyva.
    43 | D        | Found a hazy altar of Hepliaklqana.
    43 | D        | Found an opulent altar of Gozag.
    44 | D        | Found a glowing golden altar of the Shining One.
    44 | D        | Found a glowing silver altar of Zin.
    44 | D        | Found a basalt altar of Yredelemnul.
    44 | D        | Found a shimmering altar of Xom.
    44 | D        | Found an ornate altar of the Wu Jian Council.
    44 | D        | Found a sacrificial altar of Ru.
    44 | D        | Found a stormy altar of Qazlal.
    44 | D        | Found an iron altar of Okawaru.
    44 | D        | Found a sparkling altar of Nemelex Xobeh.
    44 | D        | Found a burning altar of Makhleb.
    44 | D        | Found a blossoming altar of Fedhas.
    44 | D        | Found a white marble altar of Elyvilon.
    44 | D        | Found a shadowy altar of Dithmenos.
    44 | D        | Found a snail-covered altar of Cheibriados.
    47 | D        | Found a corrupted altar of Lugonu.
    47 | D        | Found a radiant altar of Vehumet.
    48 | D        | Found an ancient bone altar of Kikubaaqudgha.
    48 | D        | Found a hide-covered altar of Uskayaw.
    48 | D        | Found a broken altar of Ashenzari.
   117 | D        | Reached ** piety under Trog
   118 | D        | Reached XP level 2. HP: 12/20 MP: 2/2
   120 | D        | Reached skill level 4 in Fighting
   150 | D        | Noticed a floating eye
   158 | D        | Paralysed by a floating eye for 3 turns
   163 | D        | Paralysed by a floating eye for 3 turns
   166 | D        | Killed a floating eye
   167 | D        | Reached skill level 6 in Fighting
   167 | D        | Reached skill level 5 in Maces & Flails
   167 | D        | Reached skill level 5 in Armour
   167 | D        | Reached XP level 3. HP: 27/27 MP: 3/3
   167 | D        | Reached XP level 4. HP: 32/32 MP: 4/4
   167 | D        | Reached XP level 5. HP: 36/36 MP: 5/5
   176 | D        | Reached *** piety under Trog
   194 | D        | Reached skill level 7 in Fighting
   329 | D        | Noticed a warg
   337 | D        | Reached **** piety under Trog
   351 | D        | Reached skill level 5 in Dodging
   365 | D        | Reached ***** piety under Trog
   366 | D        | Reached XP level 6. HP: 26/44 MP: 6/6
   370 | D        | Killed a warg
   371 | D        | Reached skill level 8 in Fighting
   488 | D        | Noticed a fire bat
   496 | D        | Killed a fire bat
   497 | D        | Reached skill level 9 in Fighting
   497 | D        | Reached XP level 7. HP: 41/51 MP: 7/7
   532 | D        | Noticed an orc knight
   545 | D        | HP: 8/51 [orc knight/+1 great mace of venom (15)]
   572 | D        | HP: 8/51 [orc knight/+1 great mace of venom (21)]
   581 | D        | HP: 13/76 [orc knight/+1 great mace of venom (6)]
   583 | D        | Killed an orc knight
   584 | D        | Reached skill level 10 in Fighting
   584 | D        | Reached XP level 8. HP: 15/57 MP: 8/8
  1065 | D        | Received a gift from Trog
  1071 | D        | Reached ****** piety under Trog
  1103 | D        | Noticed an orc knight
  1119 | D        | HP: 7/57 [orc knight/+0 great mace (17)]
  1120 | D        | Mangled by an orc knight

Illustrated notes

Levels and vault maps discovered:
D:        pitsprint [storerooms_1, entrance_room_1, metal_vault_1, armoury_3,
          mini_pit_1, grid_room_1, main_hall_1, silver_pit, the_coven_1,
          the_vestibule_1, steel_vault_5, golden_pit, hallway_of_sentries,
          crystal_vault_4, iron_vault_2, final_vault]

Skill      XL: |  1  2  3  4  5  6  7 |
---------------+----------------------+-----
Dodging        | 2 4 5 6 7 |  7.5
Armour         | 3 5 6 8 9 |  9.9
Fighting       | 6 7 9 10 | 10.2
Maces & Flails | 5 6 8 9 |  9.3

Action                   |  1- 3 |  4- 6 |  7- 9 || total
-------------------------+-------+-------+-------++-------
Melee: Quarterstaff      |    21 |    67 |    55 ||   143
       Mace              |     1 |       |       ||     1
       Great mace        |       |       |    14 ||    14
  Use: Potion            |       |     3 |    11 ||    14
Armor: Animal skin       |     3 |     7 |       ||    10
       Plate armour      |       |    54 |    32 ||    86
Dodge: Dodged            |    12 |    46 |    25 ||    83

Table legend: (Time is in decaauts)
 A = Elapsed time spent in this place.
 B = Non-inter-level travel time spent in this place.
 C = Inter-level travel time spent in this place.
 D = Time resting spent in this place.
 E = Time spent auto-exploring this place.
 F = Levels seen in this place.
 G = Mean time per level.
                   A        B        C        D        E       F      G
               +--------+--------+--------+--------+--------+-----+--------+
         Total |   1128 |   1113 |     15 |    725 |      0 |   1 | 1128.0 |
       Dungeon |   1128 |   1113 |     15 |    725 |      0 |   1 | 1128.0 |
               +--------+--------+--------+--------+--------+-----+--------+

Top non-repeatable levels by time:
       D: 1128 daAuts

Table legend:
 A = Kills in this place as a percentage of kills in entire the game.
 B = Kills by you in this place as a percentage of kills by you in the entire game.
 C = Kills by friends in this place as a percentage of kills by friends in the entire game.
 D = Other kills in this place as a percentage of other kills in the entire game.
 E = Experience gained in this place as a percentage of experience gained in the entire game.
 F = Experience gained in this place divided by the number of levels of this place that you have seen.
                   A       B       C       D       E      F
               +-------+-------+-------+-------+-------+----------------------
         Total | 100.0 | 100.0 |   N/A |   N/A | 100.0 | 1442.0
       Dungeon | 100.0 | 100.0 |   N/A |   N/A | 100.0 | 1442.0
               +-------+-------+-------+-------+-------+----------------------
